Map: Simulacrum LE

Players

redleaf - Winner!

  • Race: Protoss Protoss
  • League: Platinum
  • Spawn Location: 11:00

A.I. 1 (Medium)

  • Race: Protoss Protoss
  • Spawn Location: 5:00

VOD

Have the link to the VOD?

Description

Time

  • Played on: May 5, 2020, 12:50 a.m.
  • Length: 10:19
Show
View Real Time Build Order
Export as new Build Order

redleaf Protoss - Winner!

Build Orders: 1 Gate Expand, Zealot Archon 

Get SALT Encoding   

  12  0:01  Probe  
  13  0:13  Probe  
  14  0:22  Pylon  
  14  0:25  Probe  
  15  0:42  Probe  
  16  0:47  Gateway  
  16  1:00  Probe (Chrono Boost)  
  17  1:10  Probe (Chrono Boost)  
  18  1:15  Probe (Chrono Boost)  
  19  1:21  Nexus  
  19  1:39  Cybernetics Core  
  19  1:45  Gateway  
  19  1:48  Probe  
  19  1:53  Assimilator  
  20  2:00  Probe  
  21  2:02  Pylon  
  21  2:13  Assimilator, Probe (Chrono Boost)  
  22  2:22  Probe (Chrono Boost)  
  23  2:23  Zealot  
  23  2:27  Probe (Chrono Boost)  
  26  2:34  Warp Gate (Chrono Boost)  
  26  2:36  Probe (Chrono Boost)  
  27  2:39  Pylon  
  28  2:45  Probe (Chrono Boost)  
  28  2:46  Probe (Chrono Boost)  
  30  2:51  Probe x2 (Chrono Boost)  
  30  2:52  Adept  
  33  3:03  Probe  
  33  3:05  Probe (Chrono Boost)  
  35  3:12  Robotics Facility  
  35  3:17  Probe (Chrono Boost)  
  37  3:21  Adept, Probe (Chrono Boost)  
  39  3:28  Probe (Chrono Boost)  
  39  3:29  Probe (Chrono Boost)  
  41  3:37  Probe  
  41  3:38  Pylon  
  41  3:40  Probe  
  43  3:49  Probe  
  43  3:52  Probe  
  45  3:57  Twilight Council  
  45  4:00  Observer  
  45  4:01  Probe  
  47  4:04  Probe  
  47  4:07  Pylon  
  47  4:09  Gateway  
  48  4:11  Gateway  
  48  4:16  Probe (Chrono Boost)  
  49  4:17  Forge  
  49  4:19  Probe (Chrono Boost)  
  49  4:24  Observer  
  51  4:28  Assimilator  
  51  4:29  Sentry  
  51  4:30  Probe x2 (Chrono Boost)  
  51  4:31  Assimilator  
  55  4:34  Probe (Chrono Boost)  
  55  4:36  Zealot  
  55  4:38  Probe  
  59  4:40  Pylon  
  59  4:45  Probe  
  60  4:50  Probe  
  61  4:57  Templar Archives  
  61  4:58  Probe (Chrono Boost)  
  62  5:03  Protoss Ground Weapons Level 1 (Chrono Boost)  
  63  5:08  Probe (Chrono Boost)  
  63  5:10  Pylon  
  63  5:11  Probe (Chrono Boost)  
  64  5:15  Probe (Chrono Boost)  
  64  5:16  Probe (Chrono Boost)  
  66  5:22  Zealot x2  
  66  5:24  Zealot  
  66  5:26  Probe  
  74  5:28  Pylon, Probe  
  74  5:38  High Templar  
  76  5:43  High Templar  
  76  5:44  Zealot  
  76  5:45  Zealot  
  76  5:49  Pylon  
  82  5:53  Archon, Pylon  
  80  5:59  Immortal (Chrono Boost), Probe x2  
  80  6:11  Probe x2  
  80  6:13  Gateway  
  80  6:15  Gateway  
  80  6:17  Gateway  
  82  6:23  Probe  
  82  6:24  Probe  
  84  6:35  Nexus, Probe  
  84  6:36  High Templar x2  
  84  6:37  High Templar, Pylon  
  84  6:38  Zealot  
  93  6:41  Archon, Pylon  
  93  6:51  Probe x2  
  95  7:00  Zealot  
  96  7:03  Probe  
  96  7:04  Probe  
  96  7:06  Immortal  
  102  7:09  High Templar x2  
  102  7:11  Zealot x2  
  102  7:13  Archon  
  110  7:15  Probe  
  110  7:22  High Templar  
  113  7:23  Zealot x2  
  113  7:24  Probe  
  118  7:33  Protoss Ground Weapons Level 2 (Chrono Boost)  
  118  7:34  Gateway  
  118  7:36  Gateway x2  
  118  7:37  Pylon  
  118  7:38  Pylon  
  118  7:41  Pylon  
  118  7:42  Zealot x2  
  118  7:43  Zealot x2  
  126  7:52  Photon Cannon  
  126  7:56  Photon Cannon  
  126  8:02  High Templar x2  
  126  8:03  Zealot  
  126  8:04  Zealot x3  
  138  8:10  Assimilator  
  138  8:12  Assimilator  
  138  8:34  Probe x2  
  138  8:35  Probe  
  138  8:36  Warp Prism (Chrono Boost)  
  138  8:38  Pylon  
  143  8:46  Probe  
  143  8:47  Probe x2  
  140  8:48  Psionic Storm  
  140  8:57  Pylon  
  140  8:58  Probe, Pylon  
  141  9:06  Zealot x3  
  141  9:07  Forge, Zealot  
  149  9:14  Archon x2  
  147  9:24  Zealot  
  147  9:25  Zealot x4  
  157  9:43  Pylon  
  151  10:09  Photon Cannon  
  151  10:11  Shield Battery  
  151  10:13  Shield Battery  
  151  10:15  Photon Cannon  
Show
View Real Time Build Order
Export as new Build Order

A.I. 1 (Medium) Protoss 

Build Orders:  

Get SALT Encoding   

  12  0:00  Probe  
  13  0:13  Probe  
  14  0:19  Pylon  
  14  0:25  Probe  
  15  0:33  Probe  
  15  0:40  Gateway  
  15  0:41  Probe  
  17  0:50  Assimilator  
  17  0:51  Probe  
  18  1:01  Pylon  
  18  1:29  Gateway  
  18  1:31  Cybernetics Core  
  18  1:34  Assimilator  
  18  1:40  Zealot  
  20  1:58  Zealot  
  20  2:07  Warp Gate  
  22  2:13  Pylon  
  22  2:16  Stalker  
  24  2:30  Stalker  
  24  2:36  Probe  
  27  2:46  Stalker  
  27  2:48  Probe  
  30  2:56  Pylon  
  30  3:00  Stalker, Probe  
  33  3:08  Probe  
  34  3:12  Forge  
  34  3:16  Probe  
  35  3:27  Probe  
  36  5:09  Probe  
  36  5:13  Sentry  
  39  5:15  Photon Cannon  
  39  5:18  Photon Cannon  
  39  5:19  Pylon  
  39  5:21  Robotics Facility  
  39  5:23  Stargate  
  39  5:25  Twilight Council  
  39  5:26  Adept  
  39  5:28  Gateway  
  41  5:31  Forge  
  41  5:37  Probe  
  41  5:39  Sentry, Pylon  
  44  5:51  Sentry  
  40  6:04  Adept  
  40  6:10  Observer  
  37  6:17  Zealot  
  39  6:25  Nexus  
  39  6:30  Zealot  
  39  6:31  Observer  
  42  6:43  Stalker  
  44  6:56  Stalker  
  46  7:09  Stalker  
  48  7:21  Stalker  
  50  7:38  Probe x2  
  52  7:46  Probe  
  52  7:49  Assimilator  
  52  7:50  Probe  
  54  7:51  Pylon  
  54  7:53  Pylon  
  54  7:54  Assimilator  
  54  7:56  Probe  
  54  8:02  Probe  
  56  8:08  Probe  
  57  8:14  Probe  
  57  8:15  Photon Cannon  
  57  8:16  Photon Cannon  
  57  8:19  Photon Cannon  
  58  8:20  Probe  
  58  8:23  Probe  
  60  8:31  Probe  
  60  8:32  Probe  
  62  8:42  Zealot  
  62  8:44  Probe  
  62  8:45  Probe  
  48  8:49  Stalker  
  46  8:56  Void Ray, Probe  
  46  8:57  Probe  
  52  9:04  Immortal  
  56  9:11  Stalker  
  41  9:18  Stalker  
  31  9:25  Stalker  
  33  9:44  Zealot  
  31  9:54  Adept  
  31  10:04  Adept  
Tags
 
Composition
Zealot Archon
League
Platinum
Matchup
PvP
Spawn Locations
Cross Positions
Add a new tag
Caveats
  • Supply blocks, unpowered buildings, or Contaminate may cause inaccurate times.
  • Supply counts are checked every 10 seconds.